 Dungeon Crawl Stone Soup version 0.22-a0-815-gb582571 (webtiles) character file.

7 iamserjio the Firebug (level 2, -13/15 HPs)
             Began as a Tengu Fire Elementalist on July 23, 2018.
             Mangled by a gnoll
             ... wielding a +0 halberd
              (14 damage)
             ... on level 1 of the Dungeon.
             The game lasted 00:01:39 (219 turns).

iamserjio the Firebug (Tengu Fire Elementalist)      Turns: 219, Time: 00:01:40

Health: -13/15     AC:  2    Str:  8    XL:     2   Next: 4%
Magic:  0/6        EV: 12    Int: 15    God:
Gold:   23         SH:  0    Dex: 14    Spells: 4/5 levels left

rFire    . . .     SeeInvis .   j - +0 spear
rCold    . . .     Gourm    .   (no shield)
rNeg     . . .     Faith    .   a - +0 robe
rPois    .         Spirit   .   (helmet restricted)
rElec    .         Reflect  .   (no cloak)
rCorr    .         Harm     .   (no gloves)
MR       .....                  (boots unavailable)
Stlth    ++........             (no amulet)
HPRegen  0.05/turn              (no ring)
MPRegen  0.10/turn              (no ring)

@: very slightly contaminated
A: beak, talons 3
a: no special abilities


You were on level 1 of the Dungeon.
You were not hungry.

You visited 1 branch of the dungeon, and saw 1 of its levels.

You collected 23 gold pieces.

Inventory:

Hand Weapons
 g - a +0 short sword
 j - a +0 spear (weapon)
Missiles
 d - 18 stones (quivered)
 i - 7 sling bullets
Armour
 a - a +0 robe (worn)
Scrolls
 b - a scroll of amnesia {unknown}
 e - a scroll of magic mapping {unknown}
 f - a scroll of teleportation {unknown}
Potions
 h - a potion of haste {unknown}
Comestibles
 c - 2 rations


   Skills:
 - Level 2.1 Dodging
 - Level 2.0 Stealth
 - Level 2.0 Spellcasting
 + Level 2.8 Conjurations
 - Level 3.2 Fire Magic


You had 4 spell levels left.
You knew the following spells:

 Your Spells              Type           Power        Failure   Level  Hunger
a - Flame Tongue          Conj/Fire      ##...        6%          1    #......

Your spell library contained the following spells:

 Spells                   Type           Power        Failure   Level  Hunger
 Fireball                 Conj/Fire      ##........   87%         5    ######.
 Conjure Flame            Conj/Fire      ##......     19%         3    ###....
 Throw Flame              Conj/Fire      ##....       10%         2    ###....
 Sticky Flame             Conj/Fire      ##......     54%         4    #####..
 Inner Flame              Hex/Fire       #.......     34%         3    ###....


Dungeon Overview and Level Annotations

Branches:
Dungeon (1/15)

Altars:


Innate Abilities, Weirdness & Mutations

You have a beak for a mouth.
You have claws for feet.


Message History

The flame tongue hits the kobold.
You kill the kobold!
A gnoll comes into view. It is wielding a halberd.
The gnoll shouts!
A kobold comes into view. It is wielding a whip.
You closely miss the gnoll. You claw the gnoll.
The gnoll is moderately wounded.
The gnoll hits you with a halberd!
Ouch! That really hurt!
* * * LOW HITPOINT WARNING * * *
Casting: Flame Tongue (safe; 6% risk of failure)
Confirm with . or Enter, or press ? or * to list all spells.
Aiming: Flame Tongue (safe; 6% risk of failure)
Press: ? - help, Shift-Dir - straight line, f - gnoll
Aim: a gnoll, wielding a halberd (moderately wounded)
The flame tongue hits the gnoll.
The gnoll is heavily wounded.
The gnoll hits you with a halberd!
Ouch! That really hurt!
You die...

..##.K#.# #.#...#.#
##. ## #.#.#.#.# . .
.# #.......# # .#.#
...##.......# # ...#
...........# # #..#
.....#.#...# ###..#
.....#.##g.# #
.†...#
.......@#..#.#
###.##
####.#..g....# #.#
#.##.#..### #.#
#...†...#
#.############.#.##
#.#........###.#.#
###......###.#.....#
................#.##
##.#......##.###.##


You could see a gnoll.

Vanquished Creatures
  A leopard gecko (D:1)
  2 goblins (D:1)
  A hobgoblin (D:1)
  A frilled lizard (D:1)
  A kobold (D:1)
  A rat (D:1)
7 creatures vanquished.

Notes
Turn   | Place    | Note
-------+----------+-------------------------------------------
     0 | D:1      | iamserjio the Tengu Fire Elementalist began the quest for the Orb.
     0 | D:1      | Reached XP level 1. HP: 10/10 MP: 4/4
   189 | D:1      | Reached XP level 2. HP: 14/15 MP: 3/6
   219 | D:1      | Mangled by a gnoll

Vault maps used:
D:1:      dpeg_arrival_rooms_c, minmay_misc_feat_nine_boxes,
          grunt_decor_one_mirror

Skill      XL: |  1 |
---------------+----+-----
Conjurations   | 2 |  2.8
Dodging        | |  2.1
Stealth        | |  2.0
Spellcasting   | |  2.0
Fire Magic     | |  3.2

Action                   || total
-------------------------++-------
Melee: Short sword       ||     5
       Kick              ||     4
       Spear             ||     1
 Cast: Flame Tongue      ||    10
Dodge: Dodged            ||     7

Table legend:
 A = Spawn XP
 B = Non-spawn XP
 C = Spawn XP percentage of total XP
 D = Spawn monster count
 E = Non-spawn monster count
 F = Spawn count percentage of total count
 G = Total turns spent on level
                    A         B        C        D         E        F      G
               +---------+---------+-------+---------+---------+-------+---------
         Total |       0 |      11 |   0.0 |       0 |       7 |   0.0 |   219
               +---------+---------+-------+---------+---------+-------+---------
           D:1 |       0 |      11 |   0.0 |       0 |       7 |   0.0 |   219
               +---------+---------+-------+---------+---------+-------+---------
